[Event "57th Biel Festival MTO 2024"]
[White "Amartuvshin,Ganzorig"]
[Black "Cervantes Landeiro,Thalia"]
[Site "Biel"]
[Round "5.22"]
[Annotator "TA"]
[Result "1/2-1/2"]
[Date "2024.07.19"]
[WhiteElo "2411"]
[BlackElo "2271"]
[PlyCount "88"]
[TimeControl "60"]

1. d4 Nf6 2. c4 g6 3. Nc3 d5 4. cxd5 Nxd5 5. e4 Nxc3 6. bxc3 Bg7 7. Bc4 c5 8. Ne2 O-O 9. Be3 Nc6 10. O-O Bg4 11. f3 Bd7 12. Rb1 cxd4 13. cxd4 Na5 14. Bd3 a6 15. Qd2 b5 16. Rfc1 Rc8 17. h4 h5 18. Bh6 (18. Rxc8 $16 Bxc8 19. Rc1 )Qb6 19. Be3 Rxc1+ 20. Rxc1 Rc8 21. d5 Qd8 22. Rxc8 Bxc8 23. a4 bxa4 24. Qb4 {[%emt 0:0:19][%cal Oe3b6] [#] aiming for Bb6!} Nc6 25. Qxa4 {[%emt 0:1:36] White is more active.} (25. dxc6 $2 {is the wrong capture.} Qxd3 26. Kf2 a3 $19 )Ne5 26. Bxa6 Bd7 27. Bb5 Bxb5 28. Qxb5 Qa8 29. Bd4 {[%emt 0:1:21] Repels Qa1+} (29. Kh2 $16 )Nxf3+ $1 $11 {[%emt 0:4:44] The position is equal.} 30. gxf3 Bxd4+ 31. Nxd4 Qa1+ 32. Kg2 Qxd4 {[%emt 0:0:9][%mdl 4096] Endgame. KQ-KQ} 33. Qe8+ Kg7 34. Qxe7 Qd2+ 35. Kh3 Qc3 {[%emt 0:3:27] Prevents Qc5.} 36. Kg3 Qe1+ 37. Kf4 Qc1+ 38. Ke5 Qa1+ 39. Kd6 Qa3+ 40. Kd7 Qa4+ 41. Kc8 {[%emt 0:50:22] [#] Qe5+ is the strong threat.} (41. Kd8 $5 Qa8+ $8 42. Kd7 Qa4+ 43. Kd8 Qa8+ 44. Kd7 Qa4+ $11 )Qa8+ 42. Kc7 (42. Kd7 $5 Qa4+ $8 43. Kd8 Qa8+ 44. Kc7 (44. Kd7 Qa4+ $11 )Qa7+ 45. Kd8 Qa8+ 46. Kd7 Qa4+ $11 )Qa7+ 43. Kd8 Qa8+ 44. Kd7 {[%emt 0:0:6] And now Qe5+ would win.} (44. Kc7 $5 Qa7+ $8 45. Kd6 (45. Kd8 Qa8+ 46. Kc7 $11 )Qa3+ 46. Kd7 Qa4+ 47. Kc8 Qa8+ 48. Kd7 Qa4+ $11 )Qa4+ $1 {[%emt 0:0:5] Weighted Error Value: White=0.11 (very precise) /Black=0.07 (flawless) .  Mistake:       	White=2     	---        Inaccurate:     	White=1     	Black=2      OK:         	White=10    	Black=12     Best:        	White=1     	Black=4      Strong:       	---       	Black=2} 1/2-1/2

[Event "57th Biel Festival MTO 2024"]
[White "Song,Ethan"]
[Black "Tahay,Alexis"]
[Site "Biel"]
[Round "5.23"]
[Annotator "RC"]
[Result "1/2-1/2"]
[Date "2024.07.19"]
[WhiteElo "2244"]
[BlackElo "2375"]
[PlyCount "192"]
[TimeControl "60"]

1. e4 c5 2. Nf3 d6 3. Bb5+ Bd7 4. Bxd7+ Nxd7 5. O-O Ngf6 6. Qe2 e6 7. c3 Be7 8. d4 O-O 9. e5 dxe5 10. dxe5 Nd5 11. Rd1 Qc7 12. c4 Nb4 13. Nc3 a6 14. Bf4 Rfd8 15. Bg3 Nf8 16. a3 Nc6 17. Nd5 exd5 18. cxd5 Qb6 19. dxc6 Qxc6 20. Nh4 g6 21. f4 Ne6 22. f5 Nd4 23. Qf2 Qe4 24. Rf1 Ne2+ 25. Kh1 Nxg3+ 26. hxg3 Bxh4 27. fxg6 Qxg6 28. gxh4 Rd4 29. Rae1 Qh5 30. g3 Rad8 31. Qf6 Qg6 32. e6 Qxf6 33. Rxf6 fxe6 34. Rfxe6 Rd3 35. Kg2 R8d7 36. R1e2 Kf7 37. Rh6 Kg7 38. Rhe6 Rb3 39. R6e5 b6 40. Re6 Kf7 41. R6e4 Rbd3 42. Rf4+ Kg7 43. Rg4+ Kf8 44. Rge4 Rd2 45. Rf4+ Kg7 46. Rg4+ Kf6 47. Rf4+ Kg6 48. Rg4+ Kh5 49. Rg5+ Kh6 50. Rge5 R7d6 51. Kf3 R2d3+ 52. R2e3 Rf6+ 53. Ke2 Rd4 54. Rg5 Rfd6 55. Ree5 Rd2+ 56. Ke3 Rxb2 57. Rh5+ Kg7 58. Re7+ Kf6 59. Rhxh7 Rb3+ 60. Kf4 Rd4+ 61. Re4 Rdd3 62. Rh6+ Kg7 63. Rc6 Rf3+ 64. Kg4 Rxg3+ 65. Kh5 c4 66. Re7+ Kf8 67. Rb7 Rb5+ 68. Kh6 Rc5 69. Rbxb6 Rxc6+ 70. Rxc6 c3 71. Rxa6 Ke7 72. h5 Kd7 73. Ra4 Re3 74. Rc4 Kd6 75. Kg7 Kd5 76. Rc8 Rg3+ 77. Kf6 Rh3 78. Kg6 Ke6 79. h6 Rg3+ 80. Kh7 c2 81. a4 Ra3 82. Rxc2 Rxa4 83. Re2+ Kf7 84. Rf2+ Ke7 85. Kg6 Rg4+ 86. Kh5 Rg1 87. h7 Rh1+ 88. Kg6 Rg1+ 89. Kf5 Rh1 90. Ra2 Kf8 91. Ra7 Rf1+ 92. Kg4 Rh1 93. Kg3 Rh6 94. h8=Q+ Rxh8 95. Ra8+ Kg7 96. Rxh8 Kxh8 1/2-1/2

[Event "57th Biel Festival MTO 2024"]
[White "Kalogridis,Antonios"]
[Black "Collin,Moritz Valentin"]
[Site "Biel"]
[Round "5.24"]
[Annotator "TA"]
[Result "1/2-1/2"]
[Date "2024.07.19"]
[WhiteElo "2391"]
[BlackElo "2312"]
[PlyCount "102"]
[TimeControl "60"]

1. d4 Nf6 2. c4 e6 3. Nc3 Bb4 4. Nf3 O-O 5. Bg5 c5 6. Rc1 h6 7. Bh4 cxd4 8. Nxd4 a6 {[%emt 0:5:22] The position is equal.} 9. e3 b6 10. Be2 Bb7 11. O-O Be7 12. Bg3 d6 13. a3 Nbd7 14. b4 Rc8 15. Qb3 Qc7 16. Rfd1 Rfd8 17. Rd2 Ne5 18. Rdc2 Ne4 ({But not} 18... Nxc4 $6 19. b5 $16 )19. Nxe4 Bxe4 20. Rc3 Bf6 21. c5 bxc5 22. bxc5 dxc5 {[%emt 0:3:51] aiming for ...Qe7.} 23. Bxa6 Rb8 24. Bb5 Qa5 (24... Qe7 $5 25. Rxc5 Nd3 26. Bxb8 (26. Bxd3 $2 {too greedy.} Rxb3 27. Bxe4 Rxa3 $19 )Nxc5 $15 )25. Rxc5 Nd3 26. Bxd3 Rxb3 27. Rxa5 Rxd3 28. h3 Bxd4 29. exd4 R8xd4 30. Kh2 Rd1 31. Rxd1 Rxd1 $11 {[%emt 0:0:15][%mdl 4096] Endgame. KRB-KRB} 32. a4 Rd8 33. Rc5 Rd5 34. Rc3 Ra5 35. Rc8+ Kh7 36. Rc4 Bd5 37. Rf4 Kg8 38. Rd4 Bc6 39. Bc7 Ra7 40. Bb6 Rxa4 41. Rxa4 Bxa4 $15 {[%emt 0:50:7] KB-KB} 42. Bd4 g5 43. h4 Kh7 44. hxg5 hxg5 {[%emt 0:0:6] Black is slightly better.} 45. Kg3 Bc6 46. f3 Kg6 47. Kf2 f6 48. Bb6 e5 49. Bc5 Kf5 50. g4+ Ke6 51. Ke3 Bb7 {[%emt 0:0:18] Weighted Error Value: White=0.05 (flawless) /Black=0.05 (flawless) .  Inaccurate:     	White=3     	Black=2      OK:         	White=18    	Black=19     Best:        	White=1     	---} 1/2-1/2

[Event "57th Biel Festival MTO 2024"]
[White "Lyutsinger,Iren"]
[Black "Vantika Agrawal"]
[Site "Biel"]
[Round "5.25"]
[Annotator "TA"]
[Result "1-0"]
[Date "2024.07.19"]
[WhiteElo "2069"]
[BlackElo "2390"]
[PlyCount "133"]
[TimeControl "60"]

1. e4 c5 2. Nf3 d6 3. d4 cxd4 4. Nxd4 Nf6 5. Nc3 a6 6. Bg5 Nbd7 7. a3 {[%emt 0:0:18] B94: Sicilian Najdorf: 6 Bg5 Nbd7.} e6 8. Bc4 Qa5 9. Qd2 h6 10. Bh4 b5 11. Ba2 Bb7 12. O-O Be7 13. Rfe1 $146 ({Predecessor:} 13. Bg3 Qb6 14. Rae1 Nh5 15. Nd5 exd5 16. exd5 Nxg3 17. hxg3 Ne5 18. Nf5 Bf6 19. Qb4 Rd8 20. Qf4 Bc8 {0-1 Mileika,J-Petersons,A Riga-ch 1958 (5)} )Rc8 14. f3 Ne5 15. Rad1 Nc4 16. Bxc4 Rxc4 17. Kh1 Qb6 18. Bf2 Qc7 19. Nce2 O-O 20. c3 Qb8 21. Nf4 Rcc8 22. Bg3 Rfe8 23. Nd3 Nd7 24. Qe2 Bf8 25. e5 Nxe5 26. Nxe5 dxe5 27. Bxe5 Qa8 28. Qf2 f6 (28... Rcd8 $15 {feels stronger.} )29. Bxf6 $1 $11 gxf6 30. Rxe6 (30. Nxe6 $11 Bd5 31. Qg3+ Kh7 32. Nxf8+ Rxf8 33. Qf4 (33. Qd6 Rce8 $11 ))Bd5 ({Black should play} 30... Rcd8 $15 31. Qg3+ Kh8 32. Rxf6 Rd7 )31. Rxf6 $14 Bg7 32. Qg3 Qb8 $1 33. f4 Re3 34. Qxe3 Bxf6 35. Nf5 Qa8 $2 {[%emt 0:1:7] [#]} (35... Re8 $1 $14 36. Qg3+ (36. Nxh6+ Kh7 $17 )Kh7 37. Rxd5 Qxf4 )36. Nxh6+ $2 (36. Qg3+ $1 $18 Kh7 37. Qh3 Bxg2+ 38. Qxg2 Qxg2+ 39. Kxg2 )Kh7 $2 (36... Kf8 $1 $11 )37. Ng4 $18 Bxg2+ 38. Kg1 Bg7 {[%emt 0:0:24] [#]} 39. Rd7 $1 Qc6 40. Qe7 Qg6 41. Ne5 (41. Qh4+ Kg8 42. Rxg7+ (42. Kxg2 $2 {loses.} Qc6+ 43. Kf2 Qxd7 $19 )Kxg7 43. Qe7+ (43. Kxg2 Re8 $17 )Kh8 (43... Kg8 44. Ne5 $11 )44. Qh4+ Kg8 $11 )Qb1+ 42. Kxg2 Qxb2+ 43. Kh3 Rxc3+ 44. Nd3 Rxa3 45. Qe4+ Kh6 46. Rd6+ Bf6 47. Qf5 Rxd3+ 48. Qxd3 Qa1 49. Rd5 (49. Kg4 $142 Qg1+ 50. Qg3 Qxg3+ 51. hxg3 Kg7 52. Rxa6 Bd4 53. Rd6 Bc3 54. Rb6 )Qe1 50. Rh5+ Kg7 51. Qg3+ Qxg3+ 52. hxg3 Kf7 53. Rc5 Be7 54. Rh5 $2 (54. Rc8 $18 {White wants to mate with Ra8.} b4 55. Rc7 )Ke8 $2 (54... Bf6 $11 55. Kg4 Bg7 )55. Rh6 $18 a5 56. Rh5 b4 57. Rxa5 Kd7 58. Ra7+ Kd8 59. g4 Bc5 60. Ra5 Bd6 61. Kg3 Kc7 62. g5 Kb6 63. Ra1 Kb5 64. g6 Bf8 65. Ra8 Bh6 66. Ra7 b3 67. g7 1-0

[Event "57th Biel Festival MTO 2024"]
[White "Narayanan,Samrug"]
[Black "Winkelman,Albert"]
[Site "Biel"]
[Round "5.26"]
[Annotator "RC"]
[Result "1-0"]
[Date "2024.07.19"]
[WhiteElo "2335"]
[BlackElo "2243"]
[PlyCount "97"]
[TimeControl "60"]

1. e4 e5 2. Nf3 Nc6 3. Bb5 Nf6 4. O-O Nxe4 5. d4 Nd6 6. Bxc6 dxc6 7. dxe5 Nf5 8. Qxd8+ Kxd8 9. Rd1+ Ke8 10. Nc3 Be7 11. Bg5 h6 12. Bxe7 Nxe7 13. Nd4 Nf5 14. Nde2 g5 15. Rd3 Be6 16. f4 Bc4 17. Rd2 Ne3 18. fxg5 hxg5 19. Re1 Rd8 20. Rxd8+ Kxd8 21. Nd4 Nd5 22. Ne4 Nf4 23. Nxg5 Bd5 24. g3 Nh3+ 25. Nxh3 Rxh3 26. Ne2 Bf3 27. Nf4 Rh8 28. h3 c5 29. Kf2 Bc6 30. g4 Ke7 31. Rd1 Re8 32. h4 Kf8 33. Re1 Bd7 34. Kg3 Be6 35. a3 b5 36. h5 b4 37. h6 Kg8 38. g5 Bf5 39. Nd5 Kh8 40. Kf4 Bxc2 41. Rc1 b3 42. Ne3 Bg6 43. Rxc5 Rd8 44. Rd5 Rxd5 45. Nxd5 c5 46. Ke3 Bf5 47. Kd2 c4 48. Kc3 Bd3 49. Nf4 1-0

[Event "57th Biel Festival MTO 2024"]
[White "Rappazzo,Johannes"]
[Black "Boldoo,Erdenepurev"]
[Site "Biel"]
[Round "5.27"]
[Annotator "TA"]
[Result "1-0"]
[Date "2024.07.19"]
[WhiteElo "2169"]
[BlackElo "2385"]
[PlyCount "113"]
[TimeControl "60"]

1. e4 c5 2. Nf3 Nc6 3. d4 cxd4 4. Nxd4 g6 5. Nc3 Bg7 6. Be3 Nf6 7. Nxc6 bxc6 8. e5 Ng8 9. f4 Nh6 10. Qf3 {[%emt 0:1:15] B34: Sicilian: Accelerated Dragon with 5 Nc3: sidelines.} d5 11. h3 Rb8 12. O-O-O Qa5 13. Rd4 Qc7 $146 (13... Nf5 $2 14. Ra4 Qc7 15. Rxa7 $18 )({Predecessor:} 13... Rb4 14. Rxb4 Qxb4 15. Bxa7 O-O 16. Qf2 f6 17. Bc5 Qb7 18. exf6 Bxf6 19. Bd4 e5 20. Bc5 Rf7 21. fxe5 Bg5+ {0-1 Berdalina,S-Zakarlyuk,R Pavlodar op 2008 (6)} )14. Ra4 a5 $1 15. g4 O-O 16. Bd3 c5 $2 (16... f6 $11 {and Black has nothing to worry.} 17. exf6 Bxf6 )17. Nxd5 $18 (17. Qxd5 Bb7 18. Qxc5 Qxc5 19. Bxc5 Bxh1 $17 )Qb7 18. b3 (18. Bxc5 Kh8 $18 )(18. Rxa5 Qxb2+ 19. Kd2 Rd8 20. Bxc5 (20. Nxe7+ Kh8 $15 )Rxd5 21. Qxd5 Bb7 $11 )e6 19. Nf6+ Bxf6 20. Be4 $1 Qe7 21. exf6 Qxf6 22. Kb1 (22. Rxa5 Qc3 $18 )Qc3 23. Bc1 Qxf3 24. Bxf3 f5 25. Rxa5 c4 26. Ra7 Rf7 27. Rxf7 (27. Ra5 Rc7 28. Re1 fxg4 )Nxf7 28. gxf5 exf5 29. Bb2 cxb3 30. cxb3 Bb7 31. Bxb7 Rxb7 32. Rd1 h6 33. h4 Kh7 34. Rd5 Rb4 (34... g5 $142 35. fxg5 (35. Rxf5 gxh4 36. Rh5 Kg6 $18 )hxg5 36. Rxf5 g4 37. Rh5+ Kg8 )35. Rd4 (35. Rd7 Kg8 36. a4 Rxb3 $18 )Rb7 36. Bc1 g5 37. fxg5 hxg5 38. hxg5 (38. Bxg5 Nxg5 39. hxg5 Kg6 $11 )Kg6 39. Rd3 Rb4 40. a4 f4 (40... Nxg5 {might work better.} 41. a5 Rb5 )41. a5 $18 Rb5 42. Bd2 (42. Bxf4 Rxa5 43. b4 Rb5 $18 )Ne5 {[%emt 0:2:20] [#]} 43. a6 $2 ({Only move:} 43. Rd6+ $1 $18 Kxg5 (43... Kf5 44. Rf6+ )44. Ka2 )Nxd3 $14 44. a7 $1 Rxb3+ 45. Ka2 Rb2+ 46. Ka3 Rb1 $2 (46... Rxd2 $16 47. a8=Q Kxg5 )47. Bc3 $18 f3 $2 (47... Kxg5 48. a8=Q (48. a8=R f3 $17 )Nc1 49. Qg8+ Kh6 50. Qg7+ Kh5 51. Qh7+ Kg4 52. Qg6+ (52. Qxb1 Ne2 53. Be1 Ng3 54. Qd1+ Kg5 55. Qf3 Nf5 56. Bd2 Ng7 57. Qxf4+ Kg6 )Kf3 53. Qxb1 )(47... Rc1 48. a8=Q Rxc3+ 49. Ka2 Kxg5 )48. a8=Q $18 (48. a8=R $2 {is the wrong capture.} f2 (48... Kxg5 $2 49. Rg8+ Kf4 50. Bd4 $17 )49. Rf8 f1=Q $19 (49... f1=N 50. Rg8+ Kf7 51. Rg7+ Ke6 52. g6 $15 ))f2 49. Qg8+ Kh5 50. Qf7+ Kg4 51. g6 Nf4 52. g7 Rb8 53. g8=Q+ (53. g8=B $2 {perishes.} f1=Q 54. Qd7+ Kg3 $19 )Rxg8 54. Qxg8+ Kh3 55. Qc4 Kg2 56. Qe4+ Kg3 57. Be1 1-0

[Event "57th Biel Festival MTO 2024"]
[White "Padmini,Rout"]
[Black "Frayna,Janelle Mae"]
[Site "Biel"]
[Round "5.28"]
[Annotator "RC"]
[Result "1/2-1/2"]
[Date "2024.07.19"]
[WhiteElo "2348"]
[BlackElo "2164"]
[PlyCount "46"]
[TimeControl "60"]

1. c4 e6 2. g3 d5 3. Bg2 Nf6 4. Nf3 Be7 5. O-O O-O 6. d4 c6 7. Nc3 b6 8. Ne5 Ba6 9. b3 b5 10. cxb5 cxb5 11. a3 Qb6 12. b4 Nc6 13. Nxc6 Qxc6 14. Bb2 Bb7 15. Qd3 a6 16. Rfc1 Qb6 17. Nb1 Ne4 18. Nd2 Nxd2 19. Qxd2 Rfc8 20. Rxc8+ Rxc8 21. Rc1 Rxc1+ 22. Qxc1 Qc6 23. Qxc6 Bxc6 1/2-1/2

[Event "57th Biel Festival MTO 2024"]
[White "Sukandar,Irine Kharisma"]
[Black "Vincenti,Leonardo"]
[Site "Biel"]
[Round "5.29"]
[Annotator "RC"]
[Result "1-0"]
[Date "2024.07.19"]
[WhiteElo "2338"]
[BlackElo "2166"]
[PlyCount "105"]
[TimeControl "60"]

1. e4 e6 2. d4 d5 3. Nc3 dxe4 4. Nxe4 Nd7 5. Nf3 Ngf6 6. Bg5 h6 7. Nxf6+ Nxf6 8. Be3 Bd6 9. Bd3 O-O 10. Qe2 b6 11. O-O-O Bb7 12. Ne5 c5 13. Nc4 Nd5 14. dxc5 Bxc5 15. Bxc5 bxc5 16. Qe4 g6 17. Qe5 Qb8 18. Rhe1 Nb4 19. Qf6 Qd8 20. Rxe6 Qxf6 21. Rxf6 Kg7 22. Rd6 Bxg2 23. Ne5 Rfe8 24. f4 Nxd3+ 25. R1xd3 Re7 26. Rc3 g5 27. Rg3 Be4 28. h4 f6 29. Nc4 Rh8 30. Ne3 Kf7 31. fxg5 hxg5 32. hxg5 Rh1+ 33. Kd2 Rh2+ 34. Kc3 fxg5 35. Kc4 Bxc2 36. Nd5 Re5 37. Ra3 Rh4+ 38. Kxc5 Ra4 39. Rxa4 Bxa4 40. Ra6 Bd7 41. Kd4 Re2 42. Rxa7 Rxb2 43. Rxd7+ Ke6 44. Re7+ Kd6 45. Ra7 Rd2+ 46. Ke4 Kc5 47. Ra5+ Kc4 48. Ra4+ Kc5 49. Nc3 Rg2 50. Kd3 g4 51. Ra5+ Kb6 52. Rg5 g3 53. Ne2 1-0

[Event "57th Biel Festival MTO 2024"]
[White "Schnell,Simon"]
[Black "Ritviz,Parab"]
[Site "Biel"]
[Round "5.30"]
[Annotator "RC"]
[Result "0-1"]
[Date "2024.07.19"]
[WhiteElo "2139"]
[BlackElo "2334"]
[PlyCount "144"]
[TimeControl "60"]

1. d4 Nf6 2. c4 e6 3. Nc3 Bb4 4. e3 b6 5. Nge2 c5 6. a3 Ba5 7. Rb1 Na6 8. g3 Bb7 9. d5 b5 10. b3 b4 11. axb4 Nxb4 12. Bg2 exd5 13. O-O O-O 14. Nxd5 Nfxd5 15. cxd5 Ba6 16. Bb2 Nd3 17. Ba1 Re8 18. Qc2 d6 19. Rfd1 Ne5 20. Qb2 Qf6 21. Nf4 Bb4 22. Qa2 Bb5 23. Nd3 Bxd3 24. Rxd3 Nf3+ 25. Kh1 Qg6 26. Rdd1 Qh5 27. h3 Ng5 28. Kh2 Nf3+ 29. Kh1 Ng5 30. Kh2 Ne4 31. Rbc1 Re7 32. Bxe4 Rxe4 33. Qa6 Qg6 34. Qb7 Rae8 35. Qxa7 Qf5 36. Kg2 h5 37. Qa2 h4 38. g4 Qg5 39. Rc4 f5 40. Rxe4 Rxe4 41. Qc2 Qg6 42. f3 Rxe3 43. Qf2 f4 44. Rf1 Qg5 45. Qc2 Qxd5 46. Qg6 Re2+ 47. Kg1 Re7 48. Bf6 Qf7 49. Qxf7+ Rxf7 50. Bxh4 Bc3 51. Rd1 Be5 52. Bf2 Rb7 53. Rd3 Ra7 54. Kf1 Ra2 55. Be1 Rb2 56. Bd2 Kf7 57. h4 Ke6 58. h5 d5 59. Ke1 Rb1+ 60. Ke2 Rh1 61. Be1 Rh2+ 62. Kd1 Ra2 63. Rd2 Ra3 64. Bf2 Rxb3 65. Bxc5 Rxf3 66. Bf2 Ra3 67. Ke2 f3+ 68. Kd1 d4 69. Bxd4 Bxd4 70. Rxd4 Ra1+ 71. Kd2 f2 72. Re4+ Kd5 0-1

[Event "57th Biel Festival MTO 2024"]
[White "Smeets,Kobe"]
[Black "Woong,Zhi Wei William"]
[Site "Biel"]
[Round "5.31"]
[Annotator "RC"]
[Result "1-0"]
[Date "2024.07.19"]
[WhiteElo "2324"]
[BlackElo "2139"]
[PlyCount "103"]
[TimeControl "60"]

1. e4 c5 2. Nf3 Nc6 3. Bb5 Nf6 4. Bxc6 dxc6 5. d3 Bg4 6. h3 Bh5 7. Nbd2 Nd7 8. g4 Bg6 9. a4 a5 10. Nc4 Qc7 11. Qe2 e5 12. h4 f6 13. h5 Bf7 14. Ne3 O-O-O 15. Bd2 b6 16. b3 Bd6 17. O-O-O Nf8 18. g5 Ne6 19. Nf5 fxg5 20. Nxg5 Nxg5 21. Bxg5 Rdf8 22. h6 g6 23. Nxd6+ Qxd6 24. d4 cxd4 25. Qa6+ Kd7 26. Qxb6 Rb8 27. Qa7+ Ke6 28. f4 Qa3+ 29. Kd2 exf4 30. Ke2 Qb4 31. Rxd4 Rb7 32. Qa6 Qxd4 33. Qxc6+ Qd6 34. Qxb7 Rb8 35. Qd5+ Qxd5 36. exd5+ Kxd5 37. Bxf4 Rc8 38. Kd3 Be6 39. c4+ Kc6 40. Bg5 Rf8 41. Re1 Kd6 42. Kd4 Rf5 43. Bd2 Rh5 44. c5+ Ke7 45. Bxa5 Kf6 46. b4 Rh4+ 47. Re4 Rxh6 48. c6 Rh1 49. b5 Bf5 50. c7 Rd1+ 51. Ke3 Rc1 52. b6 1-0

[Event "57th Biel Festival MTO 2024"]
[White "Emmenecker,Pierre-Antoine"]
[Black "Nurgaliyeva,Zarina"]
[Site "Biel"]
[Round "5.32"]
[Annotator "RC"]
[Result "1-0"]
[Date "2024.07.19"]
[WhiteElo "2306"]
[BlackElo "2145"]
[PlyCount "137"]
[TimeControl "60"]

1. e4 e5 2. Nf3 Nc6 3. d4 exd4 4. Nxd4 Qf6 5. Nb5 Bc5 6. Qe2 Bb6 7. N1c3 Nge7 8. Be3 Ba5 9. O-O-O a6 10. Nd5 Nxd5 11. exd5 Ne7 12. Na3 b5 13. h4 Bb4 14. Nb1 h6 15. Rd4 Bd6 16. Nc3 Be5 17. Re4 Bb7 18. Bg5 hxg5 19. Rxe5 Rxh4 20. Rxh4 gxh4 21. Re4 c6 22. Qd2 Kf8 23. d6 Nc8 24. Rf4 Qxd6 25. Rd4 Qh6 26. Rxd7 Qxd2+ 27. Kxd2 Rb8 28. Ne4 Nb6 29. Nc5 Nxd7 30. Nxd7+ Ke7 31. Nxb8 Kd6 32. Ke3 Kc7 33. Nxa6+ Bxa6 34. Kf4 Bc8 35. Kg5 Be6 36. a3 Kd6 37. Kxh4 Ke5 38. Kg3 g5 39. Kf3 f5 40. Ke3 Bd5 41. g3 f4+ 42. gxf4+ gxf4+ 43. Kd2 Kd4 44. b4 Bf3 45. c3+ Kd5 46. c4+ bxc4 47. Kc3 Bd1 48. Bg2+ f3 49. Bf1 Bb3 50. Bh3 Bd1 51. Bf1 Bb3 52. Bh3 Bd1 53. Bf5 Ke5 54. Bc2 Be2 55. a4 Kd6 56. Kd4 Kc7 57. a5 Kb7 58. Be4 Kc7 59. Ke3 Kb7 60. Bxf3 Bxf3 61. Kxf3 Ka6 62. Ke2 c5 63. f4 cxb4 64. f5 b3 65. Kd2 Kxa5 66. f6 Kb4 67. f7 c3+ 68. Kc1 b2+ 69. Kc2 1-0

[Event "57th Biel Festival MTO 2024"]
[White "Shoshin,Kirill"]
[Black "Gemelli,Romain"]
[Site "Biel"]
[Round "5.33"]
[Annotator "RC"]
[Result "0-1"]
[Date "2024.07.19"]
[WhiteElo "2277"]
[BlackElo "2101"]
[PlyCount "48"]
[TimeControl "60"]

1. d4 Nf6 2. c4 e6 3. Nc3 Bb4 4. e3 O-O 5. Bd3 d5 6. a3 Bxc3+ 7. bxc3 dxc4 8. Bxc4 c5 9. Ne2 Qc7 10. Ba2 b6 11. O-O Ba6 12. Bb2 Nc6 13. Rc1 Rfd8 14. c4 cxd4 15. Nxd4 e5 16. Nb5 Bxb5 17. cxb5 Rxd1 18. Rfxd1 Ne4 19. bxc6 Nc5 20. a4 h6 21. Ba3 Rd8 22. Rd5 Rd6 23. Rxe5 Qxc6 24. Re7 Qxa4 0-1

[Event "57th Biel Festival MTO 2024"]
[White "Saravanan,V.."]
[Black "Altantuya,Boldbaatar"]
[Site "Biel"]
[Round "5.34"]
[Annotator "RC"]
[Result "1/2-1/2"]
[Date "2024.07.19"]
[WhiteElo "2266"]
[BlackElo "2107"]
[PlyCount "76"]
[TimeControl "60"]

1. Nf3 Nf6 2. c4 e6 3. Nc3 d5 4. d4 Be7 5. Bg5 O-O 6. e3 b6 7. Be2 Bb7 8. Bxf6 Bxf6 9. cxd5 exd5 10. b4 c6 11. O-O Nd7 12. Qb3 b5 13. Bd3 a5 14. a3 Nb6 15. Rad1 Re8 16. e4 dxe4 17. Nxe4 Nd5 18. bxa5 Rxa5 19. Rfe1 Rf8 20. Nc5 Qc7 21. Ne5 g6 22. Be4 Rd8 23. Qf3 Kg7 24. Rc1 Ne7 25. Qb3 Bxe5 26. dxe5 Bc8 27. Bf3 Qa7 28. Rc3 Nd5 29. Bxd5 Rxd5 30. Nd3 Be6 31. Nf4 Rxe5 32. Nxe6+ Rxe6 33. Rxe6 fxe6 34. h3 Qd4 35. Re3 Qa1+ 36. Kh2 Qf6 37. Rxe6 Qf4+ 38. Kg1 Qc1+ 1/2-1/2

[Event "57th Biel Festival MTO 2024"]
[White "Peycheva,Gergana"]
[Black "Kuandykuly,Danis"]
[Site "Biel"]
[Round "5.35"]
[Annotator "RC"]
[Result "0-1"]
[Date "2024.07.19"]
[WhiteElo "2266"]
[BlackElo "1989"]
[PlyCount "70"]
[TimeControl "60"]

1. d4 Nf6 2. c4 e6 3. Nf3 d5 4. g3 Be7 5. Bg2 O-O 6. O-O dxc4 7. Qc2 a6 8. Qxc4 b5 9. Qc2 Bb7 10. Bd2 Ra7 11. Rd1 Be4 12. Qc1 Nc6 13. d5 Bxd5 14. Be3 Ra8 15. Nc3 Qe8 16. Bf4 Rc8 17. e4 Nxe4 18. Nxd5 exd5 19. Rxd5 Nb4 20. Rd4 f5 21. a3 c5 22. Rd1 Nc6 23. h4 Bf6 24. Ng5 Nd4 25. Qe3 Bxg5 26. hxg5 Qf7 27. Rac1 Rfe8 28. Re1 Qh5 29. Qd3 Rcd8 30. Re3 c4 31. Qf1 Nd2 32. Rxe8+ Qxe8 33. Bxd2 Ne2+ 34. Kh2 Rxd2 35. Bf3 Nxc1 0-1

[Event "57th Biel Festival MTO 2024"]
[White "Munkhzul,Turmunkh"]
[Black "Fronda,Jan Jodilyn"]
[Site "Biel"]
[Round "5.36"]
[Annotator "RC"]
[Result "1-0"]
[Date "2024.07.19"]
[WhiteElo "2232"]
[BlackElo "2072"]
[PlyCount "63"]
[TimeControl "60"]

1. e4 c5 2. Nf3 d6 3. d4 cxd4 4. Nxd4 Nf6 5. Nc3 g6 6. Be3 a6 7. f3 Nbd7 8. Qd2 b5 9. a4 e5 10. Nc6 Qc7 11. axb5 Bb7 12. Nb4 a5 13. Nbd5 Nxd5 14. Nxd5 Bxd5 15. Qxd5 Rc8 16. Bd3 Be7 17. O-O O-O 18. b4 Nf6 19. Qb3 axb4 20. Ra7 Qd8 21. Qxb4 Nd7 22. Qd2 Nc5 23. Bc4 Rc7 24. Rfa1 Qb8 25. Rxc7 Qxc7 26. Qd5 Bf6 27. Qc6 Rc8 28. Qxc7 Rxc7 29. Ra8+ Kg7 30. b6 Re7 31. Bxc5 dxc5 32. Bd5 1-0

[Event "57th Biel Festival MTO 2024"]
[White "Jaggy,Matteo"]
[Black "Kwiatkowski,Jakub"]
[Site "Biel"]
[Round "5.37"]
[Annotator "RC"]
[Result "1/2-1/2"]
[Date "2024.07.19"]
[WhiteElo "2211"]
[BlackElo "2024"]
[PlyCount "97"]
[TimeControl "60"]

1. d4 Nf6 2. c4 e6 3. g3 c5 4. d5 exd5 5. cxd5 d6 6. Nc3 g6 7. Nf3 Bg7 8. Bg2 O-O 9. O-O a6 10. a4 Re8 11. Bf4 Nh5 12. Bg5 Qc7 13. Re1 Nd7 14. Qc1 Rb8 15. a5 b5 16. axb6 Nxb6 17. Bh6 Bh8 18. Nd2 Nf6 19. h3 Nfd7 20. Ra2 Ne5 21. Bf4 Nbc4 22. Nxc4 Nxc4 23. Ne4 Ne5 24. Bg5 Nd7 25. Bd2 Nf6 26. Nc3 Nd7 27. Nd1 Nf6 28. Bc3 Ne4 29. Bxh8 Kxh8 30. Qf4 f5 31. Nc3 Rb4 32. Qc1 Kg8 33. Qc2 Qe7 34. Ra4 Qb7 35. Rxb4 Qxb4 36. Ra1 Nxc3 37. bxc3 Qb5 38. e3 Re7 39. Rb1 Qe8 40. Rb8 Rb7 41. Ra8 Rb6 42. Qa2 Qd7 43. Qa5 Rb1+ 44. Kh2 Kf7 45. Qa2 Rb6 46. Bf1 Qb7 47. Qa5 Qxa8 48. Qxb6 Qb7 49. Qa5 1/2-1/2

[Event "57th Biel Festival MTO 2024"]
[White "Harish,Neeraj"]
[Black "Kamber,Bruno"]
[Site "Biel"]
[Round "5.38"]
[Annotator "RC"]
[Result "1-0"]
[Date "2024.07.19"]
[WhiteElo "2123"]
[BlackElo "2188"]
[PlyCount "53"]
[TimeControl "60"]

1. e4 c5 2. Nf3 a6 3. c4 Nc6 4. d4 cxd4 5. Nxd4 Nf6 6. Nc3 e5 7. Nf5 d5 8. cxd5 Bxf5 9. exf5 Nd4 10. g4 g6 11. g5 Nxd5 12. Bg2 Nb4 13. O-O gxf5 14. Be3 Be7 15. a3 Nbc2 16. Rc1 Nxe3 17. fxe3 Ne6 18. Qh5 Bxg5 19. Rxf5 Bxe3+ 20. Kh1 Rf8 21. Rxe5 Rg8 22. Rxe6+ Kf8 23. Rxe3 Rxg2 24. Qh6+ Kg8 25. Kxg2 Qd2+ 26. Ne2 Qd5+ 27. Kf2 1-0

[Event "57th Biel Festival MTO 2024"]
[White "Smirnov,Mark"]
[Black "Demchenko,Svitlana"]
[Site "Biel"]
[Round "5.39"]
[Annotator "RC"]
[Result "1-0"]
[Date "2024.07.19"]
[WhiteElo "2203"]
[BlackElo "2176"]
[PlyCount "69"]
[TimeControl "60"]

1. e4 e5 2. Nc3 Nf6 3. g3 d5 4. exd5 c6 5. d4 exd4 6. Qxd4 cxd5 7. Bg5 Nc6 8. Qa4 Bb4 9. O-O-O Bxc3 10. bxc3 h6 11. Qh4 Be6 12. Bxf6 gxf6 13. Bc4 Qe7 14. Bb3 O-O-O 15. Ne2 Ne5 16. Nd4 h5 17. Qf4 Rhg8 18. Rhe1 a5 19. Kb1 Rg4 20. Qh6 b5 21. f4 Rg6 22. Qh7 a4 23. fxe5 axb3 24. axb3 Rdg8 25. Nxe6 Qxe6 26. exf6 Qxf6 27. Rf1 Qg7 28. Qxg7 R8xg7 29. Rxd5 h4 30. gxh4 Rh6 31. h5 f6 32. Rxb5 Rg2 33. Rbf5 Rxh2 34. Rxf6 R6xh5 35. R1f2 1-0

[Event "57th Biel Festival MTO 2024"]
[White "Chen,Muxi"]
[Black "Jain Kashish Manoj"]
[Site "Biel"]
[Round "5.40"]
[Annotator "ChessBase"]
[Result "0-1"]
[Date "2024.07.19"]
[WhiteElo "1954"]
[BlackElo "2308"]
[PlyCount "80"]
[TimeControl "60"]

1. e4 c5 2. Nf3 a6 3. c4 Nc6 4. d4 cxd4 5. Nxd4 Nf6 6. Nc3 e5 7. Nf5 d5 8. cxd5 Nxe4 9. Nxg7+ Bxg7 10. dxc6 Qxd1+ 11. Nxd1 bxc6 12. Be3 Be6 13. Bd3 Nd6 14. Nc3 Nb5 15. Na4 O-O 16. O-O Rfd8 17. Nc5 Bd5 18. f3 a5 19. Bg5 f6 20. Bd2 Bf8 21. Nb7 Rd7 22. Nxa5 Bf7 23. Bxb5 cxb5 24. Be1 Bc5+ 25. Kh1 b4 26. Nc6 b3 27. Na5 bxa2 28. b3 Bb6 29. Rxa2 Rda7 30. Ra3 Bxa5 31. Bf2 Bb6 32. Rxa7 Bxa7 33. Ra1 Bxf2 34. Rxa8+ Kg7 35. b4 f5 36. g3 Bd5 37. Ra3 e4 38. Kg2 Bd4 39. h3 exf3+ 40. Rxf3 h5 0-1